 Adventure DCSS version bcrawl-1.27.3 (webtiles) character file.

Game seed: 14054720083540371037

446066 FluffGlitter the Severer (level 13, -9/117 HPs)
             Began as a Minotaur Fighter on Aug 1, 2020.
             Was the Champion of Makhleb.
             Mangled by a death yak (22 damage)
             ... on level 6 of the Lair of Beasts.
             The game lasted 01:41:39 (17607 turns).

FluffGlitter the Severer (Minotaur Fighter)        Turns: 17607, Time: 01:41:40

Health: -9/117     AC: 18    Str: 26    XL:     13   Next: 87%
Magic:  18/18      EV:  8    Int:  5    God:    Makhleb [******]
Gold:   923        SH: 14    Dex: 10    Spells: 12/12 levels left
                                        Lives:  0   Deaths: 2

rFire    + . .     SeeInvis .   I - +0 hand axe (flame)
rCold    + . .     Gourm    .   c - +1 medium shield
rNeg     . . .     Faith    .   M - +8 ring mail "Keazagi" {rC+}
rPois    +         Spirit   .   (helmet restricted)
rElec    .         Reflect  .   P - +0 cloak
rCorr    .         Harm     .   (no gloves)
MR       .....                  K - +0 pair of boots
Stlth    ..........             C - amulet of regeneration
HPRegen  0.83/turn              N - ring of protection from fire
MPRegen  0.16/turn              w - ring of poison resistance

@: about to teleport, hasted, invisible, very quick
A: retaliatory headbutt, horns 2
a: Minor Destruction, Lesser Servant of Makhleb, Major Destruction, Greater
Servant of Makhleb, Renounce Religion


You were on level 6 of the Lair of Beasts.
You worshipped Makhleb.
Makhleb was exalted by your worship.
You were not hungry.

You visited 3 branches of the dungeon, and saw 18 of its levels.
You also visited: Ossuary.

You collected 923 gold pieces.

Inventory:

Hand Weapons
 a - a +1 war axe
 b - a +0 hunting sling
 o - a +3 flail
 E - a +1 trident of venom
 F - a +0 battleaxe
 I - a +0 hand axe of flaming (weapon)
Missiles
 m - 3909 stones
 y - 331 poisoned tomahawks (quivered)
Armour
 c - a +1 medium shield (worn)
 K - a +0 pair of boots (worn)
 M - the +8 ring mail "Keazagi" (worn) {rC+}
   (You found it on level 4 of the Lair of Beasts)

   It protects you from cold.
 P - a +0 cloak (worn)
Jewellery
 n - an uncursed ring of positive energy
 w - a ring of poison resistance (right hand)
 C - an amulet of regeneration (around neck)
 N - a ring of protection from fire (left hand)
Wands
 j - a wand of acid (8)
 r - a wand of digging (7)
 A - a wand of flame (24)
 T - a wand of polymorph (16)
Scrolls
 f - 7 scrolls of identify
 i - 5 scrolls of remove curse
 k - 5 scrolls of enchant armour
 q - 8 scrolls of teleportation
 B - 4 scrolls of immolation
 G - 3 scrolls of amnesia
 O - a scroll of summoning
 Q - a scroll of enchant weapon
Potions
 d - 5 potions of might
 g - 4 potions of flight
 h - 3 potions of brilliance
 l - 3 potions of agility
 t - 5 potions of curing
 u - 2 potions of magic
 v - a potion of resistance
 x - 2 potions of ambrosia
 z - 2 potions of heal wounds
 D - 2 potions of berserk rage
 J - 2 potions of mutation
 R - a potion of lignification
Comestibles
 e - 30 rations {!d}
 H - 8 chunks of flesh


   Skills:
 + Level 11.9 Fighting
 + Level 17.7 Axes
 + Level 11.8 Armour
 + Level 12.0 Shields
 + Level 8.7 Invocations


You had 12 spell levels left.
You didn't know any spells.
Your spell library contained the following spells:

 Spells                   Type           Power        Failure   Level  Hunger
 Apportation              Tloc           #.....       98%         1    None
 Infusion                 Chrm           #.......     98%         1    None
 Magic Dart               Conj           #...         98%         1    None
 Sandblast                Erth           #.....       98%         1    None
 Slow                     Hex            #.......     98%         1    None
 Summon Butterflies       Summ           #.......     98%         1    None
 Searing Ray              Conj           #.......     99%         2    ####...
 Iskenderun's Mystic Bla  Conj           #.......     100%        3    #####..
 Fulminant Prism          Conj/Hex       #.........   100%        4    ######.
 Tree Form                Hex/Tmut       N/A          100%        4    ######.
 Irradiate                Conj/Tmut      #.........   100%        5    #######
 Statue Form              Tmut/Erth      #........    100%        6    #######
 Dragon Form              Tmut           #......      100%        7    #######
 Necromutation            Tmut/Necr      #.......     100%        8    #######


Dungeon Overview and Level Annotations

Branches:
Dungeon (11/12)            Temple (1/1) D:6            Lair (6/6) D:8
 Shoals (0/3) Lair:3        Snake (0/3) Lair:3          Orc (0/1) D:8
  Slime: Lair:5-6    Vaults: D:11-12

Altars:
Ashenzari
Cheibriados
Dithmenos
Elyvilon
Fedhas
Gozag
Hepliaklqana
Kikubaaqudgha
Lugonu
Makhleb
Nemelex Xobeh
Okawaru
Qazlal
Ru
Sif Muna
Trog
Uskayaw
Vehumet
Wu Jian
Xom
Yredelemnul
Zin
The Shining One

Shops:
D:4 [*!   D:5 :   D:6 }   D:8 =

Annotations:
D:5 1 runed door
D:8 3 runed translucent doors
Lair:4 1 runed translucent door, funkygono's ghost, journeyman FrCj
Lair:6 Rupert


Innate Abilities, Weirdness & Mutations

You reflexively headbutt those who attack you in melee.
You have a pair of horns on your head.


Message History

The death yak gores you but does no damage.
Rupert rages.
The water moccasin bites you. The death yak gores you!
You feel yourself speed up.
You feel less confused.
The blink frog blinks!
You block the cane toad's attack.
As you read the scroll of teleportation, it crumbles to dust.
You feel strangely unstable. The cane toad hits you!
* * * LOW HITPOINT WARNING * * *
You fade into invisibility!
You block Rupert's attack.
You block the five-headed hydra's attack.
The five-headed hydra bites you!
* * * LOW HITPOINT WARNING * * *
You block the five-headed hydra's attack.
The five-headed hydra barely misses you.
The five-headed hydra bites you!
* * * LOW HITPOINT WARNING * * *
The death yak gores you!!
You die...

. .♣♣ ♣♣.♣♣ ♣♣ ♣♣♣...♣♣♣
.♣♣♣.♣♣.......♣♣♣
................♣♣♣.
.[.....$.D..........
.......FtY@Y........
.............JSY@F......?.
..........$..JYSYJ}.......
.............FJtF.........
...............H..........
.............F...†........
..........................
..................$.......
......†..........................


You could see Rupert (berserk), 4 death yaks, a five-headed hydra, a fire crab,
a hippogriff, a yak, 4 cane toads, a blink frog, 2 water moccasins, a crocodile
and 4 jellies.

Vanquished Creatures
  8 hydras
  A catoblepas (Lair:4)
  A two-headed ogre (D:11)
  A death yak (Lair:5)
  A manticore (D:11)
  2 ugly things
  3 black mambas
  An elephant (Lair:5)
  2 rime drakes
  12 cane toads
  7 komodo dragons
  3 trolls
  A polar bear (Lair:5)
  28 blink frogs
  A hornet (D:10)
  7 dream sheep
  8 slime creatures
  11 hippogriffs
  35 yaks
  3 wyverns
  2 hungry ghosts (D:7)
  2 steam dragons
  2 wargs (D:8)
  Grum (Lair:1)
  A vampire mosquito (D:6)
  8 crocodiles
  6 porcupines
  13 water moccasins
  3 sky beasts
  4 phantoms
  3 ice beasts
  4 black bears
  8 orc warriors
  2 centaurs
  8 ogres
  2 wolves (Lair:1)
  3 big kobolds (D:8)
  3 elf zombies
  6 bullfrogs
  2 elf skeletons (D:6)
  6 scorpions
  3 killer bees (D:10)
  3 wights (D:6)
  2 electric eels (Lair:3)
  5 howler monkeys
  4 crimson imps
  A bullfrog zombie (D:8)
  3 centaur zombies
  8 orc priests
  A bullfrog skeleton (D:6)
  A centaur skeleton (D:6)
  12 jellies
  9 hounds
  3 human zombies
  12 orc wizards
  A human skeleton (D:6)
  4 iguanas
  7 worker ants
  4 hell rats (Lair:4)
  4 big kobold zombies (Ossuary)
  3 hound zombies
  A hound skeleton (D:5)
  3 mummies (Ossuary)
  10 gnolls
  13 adders
  5 river rats (Lair:4)
  A shadow imp (D:8)
  3 oozes
  An adder zombie (Ossuary)
  3 dart slugs
  11 leopard geckos
  44 orcs
  2 bats (D:1)
  4 giant cockroaches
  8 goblins
  8 hobgoblins
  4 jackals (D:1)
  7 quokkas
  2 ball pythons
  6 frilled lizards
  2 gnoll zombies (Ossuary)
  5 goblin zombies (Ossuary)
  4 hobgoblin zombies (Ossuary)
  6 jackal zombies (Ossuary)
  12 kobolds
  A kobold zombie (Ossuary)
  A quokka zombie (Ossuary)
  8 rats
  4 rat zombies (Ossuary)
  A fungus (Lair:1)
495 creatures vanquished.

Vanquished Creatures (others)
  A blink frog (Lair:6)
  15 fungi
  10 plants
26 creatures vanquished.

Grand Total: 521 creatures vanquished

Notes
Turn   | Place    | Note
-------+----------+-------------------------------------------
     0 | D:1      | FluffGlitter the Minotaur Fighter began the quest for the
                  | Orb.
     0 | D:1      | Reached XP level 1. HP: 19/19 MP: 0/0
   188 | D:1      | Reached XP level 2. HP: 27/27 MP: 1/1
   661 | D:1      | Reached skill level 3 in Axes
   745 | D:1      | Reached XP level 3. HP: 31/33 MP: 2/2
  1243 | D:2      | Noticed a scorpion
  1249 | D:2      | Killed a scorpion
  1249 | D:2      | Reached XP level 4. HP: 36/41 MP: 3/3
  1555 | D:2      | Reached XP level 5. HP: 3/47 MP: 4/4
  2340 | D:3      | Reached skill level 4 in Axes
  2512 | D:3      | Noticed an ice beast
  2569 | D:3      | Killed an ice beast
  2569 | D:3      | Reached skill level 5 in Fighting
  2569 | D:3      | Reached skill level 5 in Armour
  2569 | D:3      | Reached skill level 5 in Shields
  2569 | D:3      | Reached XP level 6. HP: 31/56 MP: 5/5
  2796 | D:3      | Found a bloodstained altar of Trog.
  3103 | D:3      | Found a glowing golden altar of the Shining One.
  3275 | D:5      | Entered Level 5 of the Dungeon
  3700 | D:4      | Found Gyneas's Antique Armour Emporium.
  3736 | D:4      | Reached skill level 5 in Axes
  3790 | D:4      | Found a shimmering blue altar of Sif Muna.
  3807 | D:4      | Found Kanadeze's Assorted Antiques.
  4052 | D:4      | Reached skill level 6 in Axes
  4064 | D:4      | Found Ulafur's Distillery.
  4220 | D:4      | Reached XP level 7. HP: 27/61 MP: 6/6
  4367 | D:5      | Reached skill level 7 in Axes
  4512 | D:5      | Got a vibrating jade ring
  4595 | D:5      | Found Mipn's Book Shoppe.
  4726 | D:6      | HP: 2/61 [black bear (3)]
  4727 | D:6      | Slain by a black bear
  4728 | D:6      | Found Ewickenn's Gadget Emporium.
  4728 | D:6      | Reached XP level 6. HP: -2/56 MP: 5/5
  4731 | D:6      | Noticed a hippogriff
  4744 | D:6      | Killed a hippogriff
  4744 | D:6      | Reached skill level 8 in Axes
  4744 | D:6      | Reached XP level 7. HP: 48/61 MP: 6/6
  4788 | D:6      | Found an opulent altar of Gozag.
  4822 | D:6      | Noticed a vampire mosquito
  4830 | D:6      | Slain by an orc warrior
  4831 | D:6      | Reached XP level 6. HP: -1/56 MP: 5/5
  4845 | D:6      | Killed a vampire mosquito
  4845 | D:6      | Reached skill level 9 in Axes
  4855 | D:6      | Killed an orc warrior
  4855 | D:6      | Reached XP level 7. HP: 25/61 MP: 6/6
  4955 | D:6      | Reached skill level 10 in Axes
  5109 | D:6      | Found a sand-covered staircase.
  5122 | Ossuary  | Entered an ossuary
  5273 | Ossuary  | Reached skill level 11 in Axes
  5437 | Ossuary  | Reached XP level 8. HP: 58/68 MP: 7/7
  5558 | D:6      | Reached skill level 12 in Axes
  5744 | D:7      | Noticed a two-headed ogre
  5935 | D:6      | Found a staircase to the Ecumenical Temple.
  5957 | Temple   | Entered the Ecumenical Temple
  6113 | Temple   | Became a worshipper of Makhleb the Destroyer
  6474 | D:5      | Reached skill level 13 in Axes
  6928 | D:5      | Found a runed door.
  7140 | D:6      | Reached XP level 9. HP: 70/74 MP: 8/8
  7171 | D:7      | Noticed a red ugly thing
  7346 | D:6      | Found a radiant altar of Vehumet.
  7678 | D:6      | Killed a red ugly thing
  7678 | D:6      | Reached skill level 14 in Axes
  7792 | D:7      | Identified the cursed ring "Petoeh" {Fire Int+2} (You found
                  | it on level 5 of the Dungeon)
  8081 | D:7      | Reached skill level 15 in Axes
  8216 | D:8      | Noticed a troll
  8222 | D:7      | Reached * piety under Makhleb
  8311 | D:7      | Found a hazy altar of Hepliaklqana.
  8538 | D:8      | Reached XP level 10. HP: 74/81 MP: 9/9
  8761 | D:8      | Reached ** piety under Makhleb
  8948 | D:8      | Reached skill level 1 in Invocations
  9011 | D:8      | Found Umar's Jewellery Boutique.
  9046 | D:8      | Found a staircase to the Lair.
  9079 | D:8      | Found a sacrificial altar of Ru.
  9093 | D:8      | Found a snail-covered altar of Cheibriados.
  9233 | D:8      | Reached skill level 16 in Axes
  9434 | D:8      | Reached *** piety under Makhleb
  9485 | D:8      | Reached XP level 11. HP: 82/92 MP: 12/12
  9498 | D:8      | Noticed a three-headed hydra
  9513 | D:8      | Killed a one-headed hydra
  9622 | D:8      | Found a runed translucent gate.
  9623 | D:8      | Found a runed translucent gate.
  9623 | D:8      | Found a runed translucent gate.
  9623 | D:8      | Noticed a brown ugly thing
  9624 | D:8      | Noticed a brown ugly thing
  9625 | D:8      | Noticed a purple ugly thing
  9625 | D:8      | Noticed a purple ugly thing
  9625 | D:8      | Noticed a purple ugly thing
  9654 | D:8      | Found a staircase to the Orcish Mines.
 10288 | D:10     | Entered Level 10 of the Dungeon
 10710 | D:9      | Reached **** piety under Makhleb
 10875 | D:10     | Reached skill level 5 in Invocations
 10929 | D:10     | Noticed a five-headed hydra
 10963 | D:10     | Killed a one-headed hydra
 11042 | D:11     | Noticed a two-headed ogre
 11294 | D:10     | Noticed a green ugly thing
 11314 | D:10     | Killed a green ugly thing
 11361 | D:10     | Reached XP level 12. HP: 93/104 MP: 15/15
 12082 | D:11     | Noticed a four-headed hydra
 12082 | D:11     | Noticed a two-headed ogre
 12100 | D:10     | Killed a one-headed hydra
 12109 | D:10     | Reached ***** piety under Makhleb
 12133 | D:11     | Killed a two-headed ogre
 12184 | D:11     | Noticed a death knight
 12378 | Lair:1   | Entered Level 1 of the Lair of Beasts
 12754 | Lair:1   | Reached skill level 10 in Shields
 12757 | Lair:1   | Reached skill level 10 in Fighting
 12786 | Lair:1   | Reached skill level 10 in Armour
 12822 | Lair:1   | Noticed Grum
 12835 | Lair:1   | Killed Grum
 13634 | Lair:2   | Noticed a seven-headed hydra
 13646 | Lair:2   | Killed a one-headed hydra
 13646 | Lair:2   | Reached skill level 17 in Axes
 14301 | Lair:3   | Found a staircase to the Shoals.
 14654 | Lair:3   | Reached XP level 13. HP: 114/114 MP: 17/17
 14747 | Lair:3   | Found a staircase to the Snake Pit.
 15147 | Lair:4   | Got a jasper-encrusted ring mail
 15162 | Lair:3   | Identified the +8 ring mail "Keazagi" {rC+} (You found it
                  | on level 4 of the Lair of Beasts)
 15498 | Lair:4   | Reached ****** piety under Makhleb
 16024 | Lair:4   | Found a runed translucent door.
 16025 | Lair:4   | Noticed funkygono's ghost (journeyman FrCj)
 16444 | Lair:6   | Entered Level 6 of the Lair of Beasts
 16788 | Lair:5   | Got a fine jade amulet
 17205 | Lair:5   | Identified the amulet "Rofecia" {Inacc MR+} (You found it
                  | on level 5 of the Lair of Beasts)
 17524 | Lair:6   | Noticed Rupert
 17607 | Lair:6   | Mangled by a death yak

Skill      XL: |  1  2  3  4  5  6  7  8  9 10 11 12 13 |
---------------+----------------------------------------+-----
Armour         | 4 5 7 9 10 11 | 11.8
Fighting       | 4 5 7 9 10 11 | 11.9
Shields        | 4 5 7 9 10 12 | 12.0
Axes           | 3 4 9 11 13 15 16 17 | 17.7
Invocations    | 3 5 7 8 |  8.7

Action                   |  1- 3 |  4- 6 |  7- 9 | 10-12 | 13-15 || total
-------------------------+-------+-------+-------+-------+-------++-------
Melee: War axe           |   113 |   213 |   405 |   847 |   314 ||  1892
       Headbutt          |    15 |    19 |    78 |   168 |    91 ||   371
       Hand axe          |       |       |       |    41 |    49 ||    90
 Fire: Hunting sling     |       |       |     5 |       |       ||     5
Throw: Stone             |     3 |       |    27 |       |       ||    30
       Tomahawk          |       |       |       |    14 |     2 ||    16
Invok: Minor Destruction |       |       |       |     1 |       ||     1
       Lesser Servant of |       |       |       |       |     1 ||     1
  Use: Potion            |       |     1 |     2 |       |     4 ||     7
       Scroll            |       |    13 |     6 |     3 |     5 ||    27
 Stab: Distracted        |       |       |     1 |       |       ||     1
  Eat: Chunk             |     5 |    17 |     5 |    19 |     7 ||    53
       Ration            |       |       |     7 |     5 |     3 ||    15
Armor: Scale mail        |    16 |       |       |       |       ||    16
       Chain mail        |    64 |   113 |   150 |       |       ||   327
       Plate armour      |       |       |       |   304 |    13 ||   317
       Ring mail         |       |       |       |       |   111 ||   111
Dodge: Dodged            |    12 |    41 |    30 |    76 |    95 ||   254
Block: Medium shield     |    63 |   125 |   195 |   436 |   221 ||  1040
